 Dungeon Crawl Stone Soup version 0.27.0-66-gdc8fb28755 (webtiles) character file.

Game seed: 12449639373151965291

767 bnorton916 the Magician (level 7, -4/36 HPs)
             Began as a Deep Elf Conjurer on Aug 19, 2021.
             Was an Initiate of Vehumet.
             Slain by a wight (19 damage)
             ... in an ossuary.
             The game lasted 00:06:24 (4788 turns).

bnorton916 the Magician (Deep Elf Conjurer)         Turns: 4788, Time: 00:06:25

Health: -4/36      AC:  2    Str:  4    XL:     7   Next: 52%
Magic:  14/19      EV: 12    Int: 25    God:    Vehumet [......]
Gold:   148        SH:  0    Dex: 13    Spells: 8/19 levels left

rFire    . . .     SeeInvis .   f - +3 dagger (drain)
rCold    . . .     Faith    .   (no shield)
rNeg     + . .     Spirit   .   a - +0 robe
rPois    .         Reflect  .   (no helmet)
rElec    .         Harm     .   (no cloak)
rCorr    .         Rampage  .   (no gloves)
Will     .....                  (no boots)
Stlth    ++........             (no amulet)
HPRegen  0.12/turn              n - ring of wizardry
MPRegen  0.16/turn              m - ring of positive energy

@: no status effects
A: no striking features
a: Renounce Religion


You were in an ossuary.
You worshipped Vehumet.
Vehumet was noncommittal.
You visited 1 branch of the dungeon, and saw 4 of its levels.
You also visited: Ossuary.

You collected 148 gold pieces.

Inventory:

Hand Weapons
 f - a +3 dagger of draining (weapon)
Missiles
 h - 96 stones
Armour
 a - a +0 robe (worn)
Jewellery
 d - a ring of protection from fire
 i - a ring of fire
 j - an amulet of faith
 m - a ring of positive energy (right hand)
 n - a ring of wizardry (left hand)
Wands
 r - a wand of iceblast (15)
 t - a wand of paralysis (6)
Scrolls
 b - 5 scrolls of teleportation
 g - 2 scrolls of fear
 p - 2 scrolls of identify
 q - a scroll of acquirement {unknown}
 s - a scroll of magic mapping {unknown}
Potions
 c - a potion of heal wounds {unknown}
 e - 3 potions of curing
 k - a potion of cancellation
 l - a potion of flight {unknown}
 o - 2 potions of magic {unknown}


   Skills:
 - Level 2.4 Dodging
 - Level 2.4 Stealth
 - Level 6.8 Spellcasting
 - Level 6.8 Conjurations
 + Level 4.4 Hexes
 + Level 3.6 Translocations


You had 8 spell levels left.
You knew the following spells:

 Your Spells              Type           Power      Damage    Failure   Level
a - Magic Dart            Conj           100%       1d8       1%          1
b - Searing Ray           Conj           84%        3d6       1%          2
c - Fulminant Prism       Conj/Hex       18%        3d11      2%          4
d - Iskenderun's Mystic   Conj/Tloc      34%        2d8       3%          4

Your spell library contained the following spells:

 Spells                   Type           Power      Damage    Failure   Level
 Dazzling Flash           Conj/Hex       72%        N/A       1%          3


Dungeon Overview and Level Annotations

Branches:
Dungeon (4/15)             Temple (0/1) D:4         Ossuary (1/1)

Altars:
Fedhas
Gozag
Nemelex Xobeh
Qazlal
Sif Muna
Uskayaw
Vehumet
Xom


Message History

Aim: a wraith (almost destroyed, 82% to hit)
The searing ray hits the wraith but does no damage.
The wraith is almost destroyed. (Press . to maintain the ray.)
The wraith hits you!
* * * LOW HITPOINT WARNING * * *
The wraith drains your vigour!
You feel as though you will be slow longer.
The searing ray hits the wraith!
You destroy the wraith!
Vehumet accepts your kill.
Your Hexes skill increases to level 4!
Your Translocations skill increases to level 3!
You start resting.
You feel yourself speed up.
You start resting.
Magic restored.
You start resting.
You start resting.
HP restored.
You start waiting.
Done waiting.
You open the door.
A wight comes into view. It is wielding a +5 battleaxe.
Casting: Searing Ray (safe; 1% risk of failure)
Confirm with . or Enter, or press ? or * to list all spells.
Aiming: Searing Ray (safe; 1% risk of failure)
Press: ? - help, Shift-Dir - straight line, f - wight
Aim: a wight, wielding a +5 battleaxe and wearing a +0 robe (dormant, 100% to hit)
The searing ray hits the wight.
The wight is lightly damaged. (Press . to maintain the ray.)
The searing ray misses the wight.
The wight hits you with a +5 battleaxe!
The searing ray hits the wight!
The wight is almost destroyed.
The wight hits you with a +5 battleaxe!
The searing ray misses the wight.
You finish channeling your searing ray.
The wight hits you with a +5 battleaxe!!
Ouch! That really hurt!
You die...

##.....# #z# #...............#
##.8.8.#####▓###.###.......###.#
.'.......'.....'.#z#...?...#z#.#
##.8.8.#####▓###.###.......###.#
##.....# #W# #...............#
######## ### #.###..###..###.#
#.#.#..# #..#.#.#
#.z##..###..##).#
#@..............#
#################


You could see a wight.

Vanquished Creatures
  Grinder (D:3)
  2 wraiths (Ossuary)
  A wight (Ossuary)
  A centaur zombie (Ossuary)
  An iguana (D:4)
  A howler monkey skeleton (D:2)
  7 adders (D:2)
  An adder zombie (Ossuary)
  An adder skeleton (D:4)
  2 worms
  4 dart slugs
  4 orcs (D:3)
  6 endoplasms
  4 giant cockroaches
  8 goblins
  9 hobgoblins
  2 jackals (D:3)
  9 kobolds
  6 ball pythons
  A ball python skeleton (Ossuary)
  6 bats
  2 frilled lizards
  2 hobgoblin skeletons (Ossuary)
  A hobgoblin zombie (Ossuary)
  2 orc skeletons (Ossuary)
  An orc zombie (Ossuary)
  6 rats
91 creatures vanquished.

Notes
Turn   | Place    | Note
-------+----------+-------------------------------------------
     0 | D:1      | bnorton916 the Deep Elf Conjurer began the quest for the
                  | Orb.
     0 | D:1      | Reached XP level 1. HP: 10/10 MP: 6/6
   232 | D:1      | Reached XP level 2. HP: 15/15 MP: 5/8
   604 | D:1      | Found a faded altar of an unknown god.
   662 | D:1      | Reached XP level 3. HP: 19/19 MP: 8/10
   759 | D:1      | Reached skill level 5 in Conjurations
  1170 | D:2      | Reached XP level 4. HP: 24/24 MP: 8/12
  1229 | D:2      | Learned a level 2 spell: Searing Ray
  1371 | D:2      | Reached skill level 5 in Spellcasting
  2080 | D:2      | Reached XP level 5. HP: 28/28 MP: 11/14
  2199 | D:3      | Found a radiant altar of Vehumet.
  2212 | D:3      | Became a worshipper of Vehumet
  2451 | D:3      | Found a blossoming altar of Fedhas.
  2698 | D:3      | Found a shimmering blue altar of Sif Muna.
  2699 | D:3      | Found a hide-covered altar of Uskayaw.
  2699 | D:3      | Found a shimmering altar of Xom.
  2700 | D:3      | Found a sparkling altar of Nemelex Xobeh.
  2703 | D:3      | Found an opulent altar of Gozag.
  2704 | D:3      | Found a stormy altar of Qazlal.
  2775 | D:3      | Noticed Grinder
  2782 | D:3      | Killed Grinder
  2783 | D:3      | Reached XP level 6. HP: 22/32 MP: 6/17
  3203 | D:4      | Found a staircase to the Ecumenical Temple.
  3250 | D:4      | Learned a level 4 spell: Fulminant Prism
  3255 | D:4      | Learned a level 4 spell: Iskenderun's Mystic Blast
  3756 | D:4      | Found a sand-covered staircase.
  3761 | Ossuary  | Entered an ossuary
  3830 | Ossuary  | Reached skill level 1 in Hexes
  3830 | Ossuary  | Reached skill level 1 in Translocations
  4086 | Ossuary  | Noticed a flying skull
  4086 | Ossuary  | Noticed a wraith
  4106 | Ossuary  | Noticed a flying skull
  4127 | Ossuary  | Noticed a flying skull
  4163 | Ossuary  | Noticed a wraith
  4169 | Ossuary  | Killed a wraith
  4170 | Ossuary  | Reached XP level 7. HP: 10/36 MP: 5/19
  4394 | Ossuary  | Noticed a wraith
  4403 | Ossuary  | Killed a wraith
  4780 | Ossuary  | Noticed a flying skull
  4788 | Ossuary  | Slain by a wight

Illustrated notes

Levels and vault maps discovered:
D:1:      dpeg_arrival_boxorama, layout_basic,
          hellmonk_ecumenical_altar_crossroads
D:2:      layout_basic, st_stairs_3, palyth_stone_intersect,
          minmay_quadrilaterals
D:3:      layout_loops_corners, nicolae_overflow_crystal_walls,
          grunt_temple_overflow_open, mainiacjoe_overflow_brackets,
          due_unseen_surprise, uniq_grinder
D:4:      layout_gridville, minmay_temple_entry_stoned_glass,
          nicolae_ossuary_entry_plus
Ossuary:  ossuary_due_cavern

Skill      XL: |  1  2  3  4  5  6  7 |
---------------+----------------------+-----
Spellcasting   | 4 5 6 |  6.8
Conjurations   | 5 6 |  6.8
Hexes          | 3 4 |  4.4
Translocations | 2 3 |  3.6
Dodging        | |  2.4
Stealth        | |  2.4

Action                   |  1- 3 |  4- 6 |  7- 9 || total
-------------------------+-------+-------+-------++-------
 Cast: Magic Dart        |    67 |    86 |       ||   153
       Searing Ray       |       |    15 |     3 ||    18
       Iskenderun's Myst |       |     2 |     3 ||     5
  Use: Scroll            |       |     6 |       ||     6
Armor: Robe              |       |     6 |       ||     6
Dodge: Dodged            |       |    19 |     3 ||    22
